 Dungeon Crawl Stone Soup version 0.19.1 (webtiles) character file.

91 Ladykiller69 the Conjurer (level 4, -11/24 HPs)
             Began as a Deep Elf Conjurer on Dec 17, 2016.
             Killed from afar by an orc wizard (12 damage)
             ... with a puff of frost
             ... on level 3 of the Dungeon.
             The game lasted 00:05:28 (1646 turns).

Ladykiller69 the Conjurer (Deep Elf Conjurer)       Turns: 1646, Time: 00:05:29

Health: -11/24     AC:  3    Str:  5    XL:     4   Next: 33%
Magic:  4/12       EV: 13    Int: 21    God:
Gold:   77         SH:  0    Dex: 15    Spells: 3 memorised, 3 levels left

rFire  . . .     SeeInvis .     (no weapon)
rCold  . . .     Gourm    .     a - +0 robe
rNeg   . . .     Faith    .     (no shield)
rPois  .         Spirit   .     (no helmet)
rElec  .         Reflect  .     (no cloak)
rCorr  .         Harm     .     i - +0 pair of gloves
MR     .....                    (no boots)
Stlth  ++........               (no amulet)
                                (no ring)
                                (no ring)

@: no status effects
A: no striking features
a: no special abilities


You were on level 3 of the Dungeon.
You were not hungry.

You visited 1 branch of the dungeon, and saw 3 of its levels.

You collected 77 gold pieces.

Inventory:

Armour
 a - a +0 robe (worn)
 i - a +0 pair of gloves (worn)
Jewellery
 n - an uncursed amulet of rage {unknown}
Scrolls
 f - a scroll of identify {unknown}
 h - 3 scrolls of enchant armour {unknown}
 j - 2 scrolls of amnesia {unknown}
 k - a scroll of recharging {unknown}
 l - 4 scrolls of remove curse {unknown}
Potions
 d - 3 potions of curing {unknown}
 e - a potion of might {unknown}
 g - 2 potions of cancellation {unknown}
Books
 b - a book of Conjurations

   Spells                             Type                      Level
   a - Magic Dart                     Conjuration                  1
   b - Searing Ray                    Conjuration                  2
   c - Dazzling Spray                 Conjuration/Hexes            3
   d - Fulminant Prism                Conjuration/Hexes            4
   e - Iskenderun's Mystic Blast      Conjuration                  4
   f - Iskenderun's Battlesphere      Conjuration/Charms           5
Comestibles
 c - 2 bread rations
 m - 6 chunks of flesh


   Skills:
 - Level 3.0 Dodging
 - Level 3.0 Stealth
 + Level 4.1 Spellcasting
 + Level 5.2 Conjurations
 * Level 1.1 Hexes


You had 3 spell levels left.
You knew the following spells:

 Your Spells              Type           Power        Failure   Level  Hunger
a - Magic Dart            Conj           ####         1%          1    None
b - Dazzling Spray        Conj/Hex       ###...       12%         3    ###....
c - Iskenderun's Mystic   Conj           ####....     17%         4    ####...


Dungeon Overview and Level Annotations

Branches:
Dungeon (3/15)

Altars:
Ashenzari


Message History

The leopard gecko is severely wounded.
The leopard gecko barely misses you.
Casting: Magic Dart
Confirm with . or Enter, or press ? or * to list all spells.
Aiming: Magic Dart
Press: ? - help, Shift-Dir - straight line, f/p - leopard gecko
Aim: a leopard gecko (severely wounded, clinging)
The magic dart hits the leopard gecko.
You kill the leopard gecko!
The hobgoblin hits you with a club.
* * * LOW HITPOINT WARNING * * *
You hear some strange, mumbled words.
A puff of flame appears from out of thin air!
The puff of flame hits you!
* * * LOW HITPOINT WARNING * * *
You hear some strange, mumbled words.
A puff of frost appears from out of thin air!
The puff of frost hits you!
Ouch! That really hurt!
You die...

......# .####....#########
....>.%..........#
..........######.##
###....#..†.##...#
##..†####..#...# # #.{<#
##.#...# ##..#######.##
#.....# ........###.@#
##....# ###..##......###
##...# ###..#....)...###
#...#
.................###...# ###
#####..................####.?
###...#.(..........##...#
###.#....##..........##
#......###..##.#.....
##.[...###.......####


There were no monsters in sight!

Vanquished Creatures
  3 adders
  A worm (D:2)
  A dart slug (D:2)
  3 leopard geckos
  A ball python (D:1)
  8 bats
  2 giant cockroaches
  4 goblins
  6 hobgoblins
  8 jackals (D:1)
  5 kobolds
  A quokka (D:2)
  2 frilled lizards
  7 rats
52 creatures vanquished.

Notes
Turn   | Place    | Note
-------+----------+-------------------------------------------
     0 | D:1      | Ladykiller69 the Deep Elf Conjurer began the quest for the Orb.
     0 | D:1      | Reached XP level 1. HP: 10/10 MP: 6/6
   153 | D:1      | Reached XP level 2. HP: 15/15 MP: 2/8
   582 | D:1      | Reached XP level 3. HP: 19/19 MP: 5/9
   884 | D:2      | Reached skill level 5 in Conjurations
   915 | D:2      | Found a shattered altar of Ashenzari.
   968 | D:2      | Found a faded altar of an unknown god.
  1168 | D:2      | Learned a level 3 spell: Dazzling Spray
  1403 | D:2      | Reached XP level 4. HP: 24/24 MP: 1/12
  1606 | D:3      | Learned a level 4 spell: Iskenderun's Mystic Blast
  1634 | D:3      | Reached skill level 1 in Hexes
  1645 | D:3      | HP: 1/24 [something/puff of flame (6)]
  1646 | D:3      | Killed from afar by an orc wizard

Skill      XL: |  1  2  3  4 |
---------------+-------------+-----
Dodging        | 3 |  3.0
Stealth        | 3 |  3.0
Conjurations   | 5 |  5.2
Spellcasting   | 4 |  4.1
Hexes          | 1 |  1.1

Action                   |  1- 3 |  4- 6 || total
-------------------------+-------+-------++-------
 Cast: Magic Dart        |    89 |    17 ||   106
  Eat: Chunk             |     1 |     1 ||     2
Armor: Robe              |     1 |     4 ||     5
Dodge: Dodged            |    12 |     9 ||    21
